 Dungeon Crawl Stone Soup version 0.16.1-28-gcc2312f (webtiles) character file.

690 sqallbeste the Chopper (level 7, 61/61 HPs)
             Began as a Hill Orc Fighter on May 26, 2015.
             Was a Follower of Elyvilon.
             Drowned
             ... on level 4 of the Dungeon.
             The game lasted 00:15:55 (3162 turns).

sqallbeste the Chopper (Hill Orc Fighter)           Turns: 3162, Time: 00:15:55

Health: 61/61      AC:  9    Str: 21    XL:     7   Next: 63%
Magic:  7/7        EV:  8    Int:  8    God:    Elyvilon [*.....]
Gold:   204        SH:  0    Dex: 10    Spells: 0 memorised, 6 levels left

rFire  . . .     SeeInvis .     n - +1 broad axe
rCold  . . .     Clarity  .     b - +0 scale mail
rNeg   . . .     SustAb   .     c - +0 shield
rPois  .         Gourm    .     (no helmet)
rElec  .         Spirit   .     (no cloak)
rCorr  .         Warding  .     i - +1 pair of gloves
rMut   .         Stasis   .     (no boots)
MR     .....                    (no amulet)
Stlth  ..........               (no ring)
                                h - ring of wizardry (curse)

@: confused, not resistant to hostile enchantments, extremely unstealthy
A: no striking features
a: Lesser Healing, Divine Protection, Renounce Religion


You were on level 4 of the Dungeon.
You worshipped Elyvilon.
Elyvilon was aware of your devotion.
You were not hungry.

You visited 1 branch of the dungeon, and saw 4 of its levels.

You collected 204 gold pieces.

Inventory:

Hand weapons
 a - a +1 war axe
 l - a +0 war axe
 n - a +1 broad axe (weapon)
Missiles
 j - a throwing net (quivered)
Armour
 b - a +0 scale mail (worn)
 c - a +0 shield (worn)
 i - a +1 pair of gloves (worn)
Jewellery
 h - a cursed ring of wizardry (left hand)
Magical devices
 g - a wand of cold (0)
 q - a wand of teleportation (0)
Scrolls
 d - a scroll of identify
 k - 2 scrolls of remove curse
 p - a scroll of teleportation
Potions
 e - a potion of agility
Comestibles
 f - 3 bread rations
 m - a meat ration
 o - a royal jelly


   Skills:
 * Level 5.1 Fighting
 * Level 6.1 Axes
 * Level 5.2 Armour
 + Level 1.9 Dodging
 + Level 0.1 Stealth
 * Level 5.4 Shields
 + Level 0.4 Evocations


You had 6 spell levels left.
You didn't know any spells.

Dungeon Overview and Level Annotations

Branches:
Dungeon (4/15)
 Temple: D:4-7

Altars:
Elyvilon
Sif Muna
Vehumet
Xom

Shops:
D:4 *


Message History

An orc wizard is nearby!
An orc wizard is nearby!
Are you sure you want to stumble around while confused and next to deep water?
Okay, then.
Are you sure you want to stumble around while confused and next to deep water?
Okay, then.
Are you sure you want to stumble around while confused and next to deep water?
Okay, then.
An orc wizard is nearby!
Are you sure you want to stumble around while confused and next to deep water?
An orc wizard is nearby!
An orc wizard is nearby!
Are you sure you want to stumble around while confused and next to deep water? [Y]es or [N]o only, please.
Are you sure you want to stumble around while confused and next to deep water? [Y]es or [N]o only, please.
Are you sure you want to stumble around while confused and next to deep water?
You fall into the water!
You sink like a stone!
You drown...
You die...

#...# ##...####.......
###...###..##########.##
##.......##..............
#.........#######....####
#....≈≈≈....# #.####
#...≈≈≈≈≈...## #.#
#...≈≈...≈≈...#####.#
#...≈≈.>o≈≈...##....#
...≈≈...≈@...#.>####
...≈≈≈≈≈...##..#
...≈≈≈....#..##
.........##### #.......##
##...### #._. ...


You could see an orc wizard.

Vanquished Creatures
  Eustachio (D:4)
  Menkaure (D:4)
  A phantom (D:3)
  A scorpion (D:3)
  A crimson imp (D:3)
  2 iguanas (D:4)
  2 worker ants (D:4)
  A hound skeleton (D:4)
  3 adders
  2 giant mites (D:3)
  3 worms
  A giant gecko (D:1)
  6 orcs
  A ball python (D:3)
  A bat skeleton (D:4)
  5 giant cockroaches
  5 goblins
  8 hobgoblins
  8 jackals
  9 kobolds
  12 bats
  11 giant newts
  4 quokkas
  11 rats
  A plant (D:1)
101 creatures vanquished.

Notes
Turn   | Place    | Note
--------------------------------------------------------------
     0 | D:1      | sqallbeste, the Hill Orc Fighter, began the quest for the Orb.
     0 | D:1      | Reached XP level 1. HP: 19/19 MP: 1/1
   104 | D:1      | Reached XP level 2. HP: 10/27 MP: 2/2
   365 | D:1      | Reached skill level 4 in Fighting
   466 | D:1      | Reached XP level 3. HP: 31/33 MP: 3/3
   979 | D:2      | Found a white marble altar of Elyvilon.
  1125 | D:2      | Found a radiant altar of Vehumet.
  1187 | D:2      | Became a worshipper of Elyvilon the Healer
  1528 | D:3      | Reached XP level 4. HP: 40/40 MP: 4/4
  1962 | D:3      | Reached skill level 1 in Dodging
  1986 | D:3      | Found a shimmering altar of Xom.
  2007 | D:3      | Noticed a phantom
  2080 | D:3      | Killed a phantom
  2080 | D:3      | Reached XP level 5. HP: 24/47 MP: 5/5
  2159 | D:3      | Reached XP level 6. HP: 36/53 MP: 6/6
  2169 | D:3      | Acquired Elyvilon's first power
  2490 | D:4      | Reached skill level 5 in Axes
  2497 | D:4      | Found Suabbadi's Assorted Antiques.
  2577 | D:4      | Noticed Eustachio
  2773 | D:4      | Noticed Menkaure
  2778 | D:4      | Killed Menkaure
  2778 | D:4      | Reached skill level 5 in Fighting
  2778 | D:4      | Reached skill level 5 in Armour
  2778 | D:4      | Reached skill level 5 in Shields
  2778 | D:4      | Reached XP level 7. HP: 25/61 MP: 7/7
  2983 | D:4      | Killed Eustachio
  2983 | D:4      | Reached skill level 6 in Axes
  3159 | D:4      | Found a deep blue altar of Sif Muna.
  3162 | D:4      | Drowned

Action                   |  1- 3 |  4- 6 |  7- 9 || total
-------------------------+-------+-------+-------++-------
Melee: War axe           |   166 |   115 |       ||   281
       Broad axe         |       |    42 |    33 ||    75
Evoke: Wand              |       |     4 |     2 ||     6
  Use: Scroll            |     7 |     3 |       ||    10
       Potion            |     2 |     6 |       ||     8
  Eat: Meat ration       |     1 |     1 |       ||     2
